 Dungeon Crawl Stone Soup version 0.28.0-53-g5a82cb258f (webtiles) character file.

Game seed: 7498582437015665724

6594 markt42 the Basher (level 11, -3/66 HPs)
             Began as a Gargoyle Fighter on June 6, 2022.
             Was an Initiate of Okawaru.
             Slain by an eight-headed hydra (9 damage)
             ... on level 8 of the Dungeon.
             The game lasted 00:12:20 (12772 turns).

markt42 the Basher (Gargoyle Fighter)              Turns: 12772, Time: 00:12:21

Health: -3/66      AC: 38    Str: 19    XL:     11   Next: 2%
Magic:  11/11      EV:  3    Int:  8    God:    Okawaru [......]
Gold:   410        SH:  5    Dex: 13    Spells: 10/10 levels left

rFire   + + +      SeeInvis .   f - +1 morningstar (vorpal)
rCold   . . .      Faith    .   c - +0 buckler
rNeg    + . .      Spirit   .   b - +8 crystal plate armour of the Mantidfly {Fly rF+++ Will++ Str-2}
rPois   ∞          Reflect  .   x - +1 hat
rElec   +          Harm     .   z - +0 cloak
rCorr   .          Rampage  .   (no gloves)
Will    ++...                   (no boots)
Stlth   ..........              (no amulet)
HPRegen 0.21/turn               y - ring of wizardry
MPRegen 0.12/turn               (no ring)

@: brilliant, flying
A: sickness immunity, AC +8, negative energy resistance 1, electricity
resistance, torment resistance 1, petrification resistance
a: Renounce Religion


You were on level 8 of the Dungeon.
You worshipped Okawaru.
Okawaru was noncommittal.
You visited 2 branches of the dungeon, and saw 9 of its levels.
You also visited: Sewer.

You collected 410 gold pieces.

Inventory:

Hand Weapons
 f - a +1 vorpal morningstar (weapon)
 s - a +2 flail of holy wrath
Missiles
 i - 3 throwing nets (quivered)
Armour
 b - the +8 crystal plate armour of the Mantidfly (worn) {Fly rF+++ Will++ Str-2}
   (You acquired it on level 7 of the Dungeon)

   Str:       It affects your strength (-2).
   rF:        It renders you almost immune to fire.
   Fly:       It grants you flight.
   Will:      It greatly increases your willpower.
 c - a +0 buckler (worn)
 h - a scarf of repulsion
 x - a +1 hat (worn)
 z - a +0 cloak (worn)
Jewellery
 u - a ring of ice
 y - a ring of wizardry (left hand)
Wands
 d - a wand of iceblast (14)
 o - a wand of paralysis (4)
 p - a wand of polymorph (8)
 t - a wand of flame (4)
Scrolls
 a - 4 scrolls of teleportation
 e - 3 scrolls of fog
 j - a scroll of enchant weapon
 n - 6 scrolls of identify
 v - a scroll of summoning


   Skills:
 + Level 6.5 Fighting
 * Level 12.5 Maces & Flails
 * Level 9.4 Armour
 + Level 1.3 Dodging
 + Level 0.9 Stealth
 + Level 5.8 Shields
 + Level 0.4 Evocations


You had 10 spell levels left.
You didn't know any spells.
Your spell library contained the following spells:

 Spells                   Type           Power      Damage    Failure   Level
 Pain                     Necr           0%         1d4       100%        1
 Blink                    Tloc           0%         N/A       100%        2
 Lesser Beckoning         Tloc           0%         N/A       100%        3
 Vampiric Draining        Necr           0%         2d6       100%        3
 Olgreb's Toxic Radiance  Pois           0%         N/A       100%        4
 Manifold Assault         Tloc           0%         N/A       100%        5
 Ozocubu's Refrigeration  Ice            0%         4d5       100%        7
 Ignition                 Fire           0%         3d3       100%        8
 Animate Skeleton         Necr           Unusable   N/A       N/A         1

Dungeon Overview and Level Annotations

Branches:
Dungeon (8/15)             Temple (1/1) D:7           Sewer (visited)
   Lair: D:8-11

Altars:
Cheibriados
Dithmenos
Fedhas
Gozag
Kikubaaqudgha
Makhleb
Nemelex Xobeh
Okawaru
Qazlal
Ru
Sif Muna
Trog
Uskayaw
Vehumet
Wu Jian
Xom
Yredelemnul
Zin
The Shining One

Annotations:
D:8 1 runed translucent door


Innate Abilities, Weirdness & Mutations

You are immune to sickness and miasma.
Your stone body is resilient. (AC +8)
You are immune to poison.
You resist negative energy. (rN+)
You are resistant to electric shocks. (rElec)
You are resistant to unholy torment.
You are immune to petrification.


Message History

You have reached level 11!
You hit the eight-headed hydra.
The eight-headed hydra is lightly wounded.
The eight-headed hydra bites you but does no damage.
The eight-headed hydra bites you!
You block the eight-headed hydra's attack.
The eight-headed hydra bites you. The eight-headed hydra bites you!
The eight-headed hydra bites you but does no damage.
The eight-headed hydra barely misses you.
The eight-headed hydra bites you but does no damage.
You hit the eight-headed hydra.
The eight-headed hydra is lightly wounded.
The eight-headed hydra bites you but does no damage.
You block the eight-headed hydra's attack.
The eight-headed hydra bites you but does no damage. x2
The eight-headed hydra bites you!
The eight-headed hydra bites you but does no damage. x3
You puncture the eight-headed hydra!
The eight-headed hydra is moderately wounded.
The eight-headed hydra bites you but does no damage. x4
You block the eight-headed hydra's attack.
The eight-headed hydra bites you but does no damage.
The eight-headed hydra bites you.
The eight-headed hydra bites you but does no damage.
You hit the eight-headed hydra.
The eight-headed hydra is moderately wounded.
The eight-headed hydra bites you but does no damage. x2
You block the eight-headed hydra's attack.
The eight-headed hydra bites you but does no damage. x4
The eight-headed hydra bites you!
* * * LOW HITPOINT WARNING * * *
You hit the eight-headed hydra.
The eight-headed hydra is moderately wounded.
The eight-headed hydra bites you but does no damage.
You block the eight-headed hydra's attack.
The eight-headed hydra bites you!
* * * LOW HITPOINT WARNING * * *
The eight-headed hydra bites you but does no damage. x4
The eight-headed hydra bites you!
You die...

#..##.## #)....... #..#.#†#
##........ ########.##.#)##
#..#.....# .........#.###.#
##......... #######.##.# #.##
#.........# #..#.## ##.#
##.#####.### ##.##.# #.## #..#
#.# #..#.## ##.# ##.## #.#
#≈##.## #@## #..# #.#
##.#+#'#######D# #.## #.#
#..#.##.#.p..)#.##.## #.#
###.##.##.##..D##.#...# ##.###
##...#.#.##.#...#.##.#.#####.....
#...##.#.##.##.##.#..#(#.......##
#...#.#.#.##.#.#.##.##.#(##.....#
...##.#.#.##.#+#.#.......###...##
...#.#.#.#.##...##.###.### ##.##


You could see an eight-headed hydra.

Vanquished Creatures
  Harold (D:7)
  An ugly thing (D:8)
  The ghost of SHADDY the Grasshopper, a novice NaWr of Cheibriados (D:4)
  Maggie (D:7)
  Prince Ribbit (D:5)
  5 yaks (D:8)
  2 steam dragons
  2 water moccasins
  2 orc warriors (D:8)
  2 black bears
  2 sky beasts
  2 necrophages (D:7)
  3 ogres
  5 centaurs
  2 phantoms
  2 kobold brigands (D:8)
  5 bullfrogs
  A wyvern zombie (D:6)
  A scorpion (D:7)
  A wyvern skeleton (D:7)
  7 killer bees
  A howler monkey (D:6)
  An electric eel (D:7)
  A centaur zombie (D:8)
  5 orc priests
  2 gnoll shamans
  2 jellies
  2 bullfrog skeletons
  A centaur skeleton (D:4)
  Ijyb (D:4)
  A scorpion zombie (D:5)
  2 iguanas
  2 orc wizards
  A statue (D:5)
  4 hound skeletons
  A howler monkey zombie (D:8)
  A howler monkey skeleton (D:4)
  18 gnolls
  6 adders
  5 river rats (Sewer)
  A shadow imp (D:5)
  A white imp (D:8)
  An ufetubus (D:5)
  13 dart slugs
  14 orcs
  23 ball pythons
  6 bats
  9 endoplasms
  6 giant cockroaches
  11 goblins
  7 hobgoblins
  7 quokkas
  4 frilled lizards
  10 kobolds
  28 rats
247 creatures vanquished.

Vanquished Creatures (others)
  An angel (D:7)
  A giant cockroach (D:4)
2 creatures vanquished.

Grand Total: 249 creatures vanquished

Notes
Turn   | Place    | Note
-------+----------+-------------------------------------------
     0 | D:1      | markt42 the Gargoyle Fighter began the quest for the Orb.
     0 | D:1      | Reached XP level 1. HP: 14/14 MP: 1/1
   246 | D:1      | Reached XP level 2. HP: 19/19 MP: 2/2
   696 | D:1      | Reached XP level 3. HP: 24/24 MP: 3/3
  1950 | D:2      | Reached XP level 4. HP: 29/29 MP: 4/4
  2064 | D:2      | Found a faded altar of an unknown god.
  2252 | D:3      | Reached skill level 3 in Maces & Flails
  3522 | D:4      | Reached XP level 5. HP: 21/33 MP: 5/5
  4463 | D:4      | Found a snail-covered altar of Cheibriados.
  4520 | D:4      | Noticed a black bear
  4530 | D:4      | Killed a black bear
  4531 | D:4      | Reached skill level 4 in Maces & Flails
  4531 | D:4      | Reached skill level 5 in Armour
  4531 | D:4      | Reached XP level 6. HP: 20/38 MP: 6/6
  4912 | D:4      | Noticed Ijyb
  4949 | D:4      | Killed Ijyb
  5260 | D:4      | Found a runed translucent door.
  5260 | D:4      | Noticed SHADDY's ghost (novice NaWr)
  5309 | D:4      | Killed SHADDY's ghost
  5310 | D:4      | Reached skill level 6 in Maces & Flails
  5310 | D:4      | Reached XP level 7. HP: 44/44 MP: 7/7
  5597 | D:4      | Noticed a water elemental
  5601 | D:4      | Found a stormy altar of Qazlal.
  5605 | D:4      | Noticed an air elemental
  5722 | D:4      | Noticed a fire elemental
  5893 | D:4      | Reached XP level 8. HP: 48/48 MP: 8/8
  5995 | D:5      | Entered Level 5 of the Dungeon
  5997 | D:5      | Found a glowing drain.
  6013 | Sewer    | Entered a sewer
  6037 | Sewer    | Reached skill level 1 in Dodging
  6523 | Sewer    | Reached skill level 7 in Maces & Flails
  6670 | D:5      | Found a radiant altar of Vehumet.
  6792 | D:5      | Noticed Prince Ribbit
  6839 | D:5      | Killed Prince Ribbit
  7162 | D:5      | Reached skill level 5 in Fighting
  7162 | D:5      | Reached skill level 8 in Maces & Flails
  7204 | D:5      | Reached XP level 9. HP: 33/54 MP: 9/9
  7620 | D:6      | Found a shadowy altar of Dithmenos.
  8292 | D:6      | Reached skill level 9 in Maces & Flails
  8827 | D:6      | Reached skill level 5 in Shields
  8932 | D:7      | Noticed Maggie
  8962 | D:7      | Killed Maggie
  9538 | D:7      | Reached skill level 10 in Maces & Flails
  9658 | D:7      | Killed an angel
  9659 | D:7      | Reached XP level 10. HP: 47/60 MP: 10/10
 10242 | D:7      | Found a burning altar of Makhleb.
 10275 | D:7      | Found a staircase to the Ecumenical Temple.
 10276 | D:7      | Found a shimmering altar of Xom.
 10280 | Temple   | Entered the Ecumenical Temple
 10509 | D:7      | Noticed Harold
 10521 | D:7      | Paralysed by Harold for 2 turns
 10531 | D:7      | HP: 2/60 [Harold/+3 glaive (16)]
 10532 | D:7      | Killed Harold
 11270 | D:7      | Reached skill level 11 in Maces & Flails
 11371 | D:7      | Found a glowing silver altar of Zin.
 11565 | D:7      | Identified a scroll of acquirement
 11565 | D:7      | Acquired the +8 crystal plate armour of the Mantidfly {Fly
                  | rF+++ Will++ Str-2}
 12272 | D:8      | Found an iron altar of Okawaru.
 12277 | D:8      | Reached skill level 12 in Maces & Flails
 12288 | D:8      | Became a worshipper of Warmaster Okawaru
 12693 | D:8      | Found a runed translucent door.
 12695 | D:8      | Noticed a cyan ugly thing
 12696 | D:8      | Noticed an eight-headed hydra
 12696 | D:8      | Noticed a death knight
 12767 | D:8      | Killed a cyan ugly thing
 12768 | D:8      | Reached XP level 11. HP: 52/66 MP: 11/11
 12772 | D:8      | Slain by an eight-headed hydra

Illustrated notes

Levels and vault maps discovered:
D:1:      dpeg_arrival_simpleton_b, layout_basic,
          chequers_serial_rivers_micro_e, minmay_distorted
D:2:      layout_loops_ring, basic_ecumenical_altar
D:3:      minmay_skewed_foursquare, layout_basic, ebering_dispersal_statue_hall,
          minmay_fractal_squares_5
D:4:      kennysheep_the_goblin_king, layout_layer_cave,
          nicolae_qazlal_style_of_elements, cheibriados_altar_1,
          gammafunk_ghost_grave
D:5:      layout_rooms, vehumet_statue, portal_sewer_entry_f,
          hangedman_abyss_or_decor_lesser_grid, uniq_prince_ribbit1
D:6:      layout_loops_ring, lemuel_crystal_altar
D:7:      kennysheep_slugbush, layout_basic, bloody_makhleb,
          grunt_temple_overflow_order_and_chaos_1,
          minmay_temple_entry_proselytizer, nicolae_underground_beach,
          uniq_maggie, uniq_harold
D:8:      minmay_the_grid_triangle_9x9_rhombus_thin
          [minmay_the_grid_triangle_9x9_thin_v,
          minmay_the_grid_triangle_9x9_prize_special,
          minmay_the_grid_triangle_9x9_stretched_checkered,
          minmay_the_grid_triangle_9x9_subtriangle], layout_loops_corners,
          okawaru_ov_weapons_minmay
Temple:   minmay_temple_curvy_loop

Skill      XL: |  1  2  3  4  5  6  7  8  9 10 |
---------------+-------------------------------+-----
Armour         | 4 5 6 7 8 9 |  9.4
Maces & Flails | 3 4 6 8 10 12 | 12.5
Fighting       | 4 5 6 |  6.5
Shields        | 4 5 |  5.8
Dodging        | 1 |  1.3
Stealth        | |  0.9
Evocations     | |  0.4

Action                   |  1- 3 |  4- 6 |  7- 9 | 10-12 || total
-------------------------+-------+-------+-------+-------++-------
Melee: Flail             |   129 |    89 |   333 |       ||   551
       Morningstar       |       |    49 |    40 |   239 ||   328
Evoke: Wand              |       |       |     5 |       ||     5
  Use: Potion            |       |     2 |    16 |     5 ||    23
       Scroll            |       |       |       |    11 ||    11
Armor: Scale mail        |    61 |    85 |    71 |       ||   217
       Plate armour      |       |       |   270 |   127 ||   397
       Crystal plate arm |       |       |       |   129 ||   129
Dodge: Dodged            |    63 |    62 |   141 |    70 ||   336
Block: Buckler           |    30 |    26 |   119 |    65 ||   240
